 Dungeon Sprint DCSS version 0.26.1-11-gd32895ea62 (webtiles) character file.

Game seed: 11832282651546174325

289 Zeld the Cleaver (level 6, -1/85 (91) HPs)
             Began as a Minotaur Berserker on June 14, 2021.
             Was a Believer of Trog.
             Asphyxiated
             ... in the Dungeon (Sprint I: "Red Sonja").
             The game lasted 00:00:41 (850 turns).

Zeld the Cleaver (Minotaur Berserker)                Turns: 850, Time: 00:00:41

HP:   -1/85 (91)    AC:  2    Str: 23    XL:     6   Next: 9%
MP:   5/5           EV: 14    Int:  4    God:    Trog [**....]
Gold: 306           SH:  0    Dex: 10    Spells: 5/5 levels left

rFire    . . .     SeeInvis .   a - +0 hand axe
rCold    . . .     Faith    .   (no shield)
rNeg     . . .     Spirit   .   b - +0 animal skin
rPois    .         Reflect  .   (helmet restricted)
rElec    .         Harm     .   (no cloak)
rCorr    .         Rampage  .   (no gloves)
Will     .....     NoTele   +   (no boots)
Stlth    ..........             (no amulet)
HPRegen  0.24/turn              (no ring)
MPRegen  0.09/turn              (no ring)

@: berserking (expiring), lethally poisoned (-1 -> -68), slowed, drained
A: retaliatory headbutt, horns 2
a: Renounce Religion, Berserk, Trog's Hand


You were in the Dungeon.
You worshipped Trog.
Trog was pleased with you.
You visited 1 branch You collected 306 gold pieces.

Inventory:

Hand Weapons
 a - a +0 hand axe (weapon)
Armour
 b - a +0 animal skin (worn)
Wands
 i - a wand of flame (11)
 j - a wand of digging (6)
Scrolls
 h - a scroll of blinking
Potions
 c - a potion of curing
 d - a potion of heal wounds
 e - a potion of haste
 f - 2 potions of magic
 g - a potion of berserk rage
 k - a potion of might {unknown}


   Skills:
 + Level 7.7 Fighting
 * Level 10.2 Axes
 + Level 7.2 Armour
 + Level 6.5 Dodging


You had 5 spell levels left.
You didn't know any spells.
Your spell library was empty.

Dungeon Overview and Level Annotations

Branches:
Dungeon (1/1)

Altars:
Sif Muna
Vehumet
Wu Jian

Annotations:
D Sonja


Innate Abilities, Weirdness & Mutations

You reflexively headbutt those who attack you in melee.
You have a pair of horns on your head.


Message History

Sonja hits you with a +0 dagger of draining.
* * * LOW HITPOINT WARNING * * *
You feel drained.
You barely miss Sonja.
* * * LOW HITPOINT WARNING * * *
You feel very sick.
Sonja casts a spell.
Sonja blinks!
Unknown command.
* * * LOW HITPOINT WARNING * * *
You feel very sick.
Sonja throws a curare-tipped dart.
The curare-tipped dart hits you.
You are more poisoned.
You have difficulty breathing.
* * * LOW HITPOINT WARNING * * *
You feel as though you will be slow longer.
Sonja throws a curare-tipped dart.
The curare-tipped dart hits you.
You are more poisoned.
You have difficulty breathing.
You die...

#..#
#..#...#.#
#..#
####..##.#
#..#
##'#_.+
#⌠⌠#
+..._#
####
#_K#'#
##(#.#
##(###
+$.$+
#$@$#
##.## #+#


You could see Sonja.

Vanquished Creatures
  Sigmund (D)
  An ogre (D)
  A jelly (D)
  Ijyb (D)
4 creatures vanquished.

Notes
Turn   | Place    | Note
-------+----------+-------------------------------------------
     0 | D        | Zeld the Minotaur Berserker began the quest for the Orb.
     0 | D        | Reached XP level 1. HP: 19/19 MP: 0/0
     2 | D        | Noticed Ijyb
    11 | D        | Killed Ijyb
    12 | D        | Reached skill level 5 in Axes
    12 | D        | Reached XP level 2. HP: 21/28 MP: 1/1
   255 | D        | Noticed an ogre
   261 | D        | Killed an ogre
   262 | D        | Reached skill level 7 in Axes
   262 | D        | Reached skill level 5 in Armour
   262 | D        | Reached XP level 3. HP: 37/37 MP: 2/2
   262 | D        | Reached XP level 4. HP: 44/44 MP: 3/3
   401 | D        | Noticed Sigmund
   408 | D        | Killed Sigmund
   408 | D        | Reached ** piety under Trog
   409 | D        | Reached skill level 10 in Axes
   409 | D        | Reached XP level 5. HP: 33/52 MP: 4/4
   785 | D        | Found an ornate altar of the Wu Jian Council.
   785 | D        | Found a shimmering blue altar of Sif Muna.
   787 | D        | Found a radiant altar of Vehumet.
   794 | D        | Reached XP level 6. HP: 52/61 MP: 5/5
   844 | D        | Noticed Sonja
   850 | D        | Asphyxiated

Illustrated notes

Levels and vault maps discovered:
D:        dungeon_sprint_1 [red_sonja_temple_1, red_sonja_temple_small_1]

Skill      XL: |  1  2  3  4 |
---------------+-------------+-----
Fighting       | 4 6 7 |  7.7
Axes           | 5 7 10 | 10.2
Armour         | 3 5 7 |  7.2
Dodging        | 3 4 6 |  6.5

Action                   |  1- 3 |  4- 6 || total
-------------------------+-------+-------++-------
Melee: Hand axe          |    12 |     9 ||    21
       Headbutt          |     1 |     2 ||     3
Invok: Berserk           |     2 |     2 ||     4
Dodge: Dodged            |     4 |     4 ||     8
